 Dungeon Crawl Stone Soup version 0.30-a0-1094-g860fb061e7 (webtiles) character file.

Game seed: 10669139391136345723

107 zazu2006 the Magician (level 4, -1/36 HPs)
             Began as a Naga Hedge Wizard on Apr 17, 2023.
             Slain by an orc
             ... wielding a +0 club
              (2 damage)
             ... on level 3 of the Dungeon.
             The game lasted 00:03:53 (2902 turns).

zazu2006 the Magician (Naga Hedge Wizard)           Turns: 2902, Time: 00:03:54

Health: -1/36      AC:  2    Str: 12    XL:     4   Next: 85%
Magic:  0/10       EV: 10    Int: 17    God:
Gold:   198        SH:  0    Dex: 10    Spells: 5/11 levels left

rFire   . . .      SeeInvis +    a - +0 dagger
rCold   . . .      Faith    .    (no shield)
rNeg    . . .      Spirit   .    b - +0 robe
rPois   +          Reflect  .    c - +0 hat
rElec   .          Rampage  .    (no cloak)
rCorr   .                        (no gloves)
Will    .....                    (no barding)
Stlth   ++                       (no amulet)
HPRegen 0.26/turn                (no ring)
MPRegen 0.12/turn                (no ring)

@: short of breath, very slow
A: AC +1, large, see invisible, deformed body, poison resistance, slowness 2,
spit poison 1, naga tail 1
a: Spit Poison


You were on level 3 of the Dungeon.
You visited 1 branch of the dungeon, and saw 3 of its levels.

You collected 198 gold pieces.

Inventory:

Hand Weapons
 a - a +0 dagger (weapon)
Armour
 b - a +0 robe (worn)
 c - a +0 hat (worn)
Scrolls
 e - 2 scrolls of brand weapon {unknown}
 h - a scroll of noise {unknown}
 i - 2 scrolls of identify {unknown}
 j - a scroll of silence {unknown}
 m - a scroll of blinking {unknown}
 n - a scroll of immolation {unknown}
 o - a scroll of magic mapping {unknown}
Potions
 d - a potion of magic
 f - a potion of lignification {unknown}
 g - a potion of flight {unknown}
 k - a potion of haste {unknown}
 l - 2 potions of curing {unknown}


   Skills:
 + Level 0.2 Fighting
 + Level 1.8 Dodging
 + Level 3.5 Stealth
 + Level 4.4 Spellcasting
 + Level 1.8 Conjurations
 + Level 1.0 Summonings
 + Level 1.0 Translocations
 * Level 0.5 Poison Magic


You had 5 spell levels left.
You knew the following spells:

 Your Spells              Type           Power      Damage    Failure   Level
a - Magic Dart            Conj           40%        1d5       7%          1
b - Mephitic Cloud        Conj/Pois/Air  6%         N/A       32%         3
d - Blink                 Tloc           14%        N/A       16%         2

Your spell library contained the following spells:

 Spells                   Type           Power      Damage    Failure   Level
 Searing Ray              Conj           20%        2d5       11%         2
 Slow                     Hex            12%        N/A       16%         1
 Call Imp                 Summ           14%        N/A       16%         2
 Cigotuvi's Dreadful Rot  Necr/Pois/Air  8%         N/A       22%         2
 Fulminant Prism          Conj/Hex       3%         3d5       71%         4


Dungeon Overview and Level Annotations

Branches:
Dungeon (3/15)

Altars:


Innate Abilities, Weirdness & Mutations

Your serpentine skin is tough. (AC +1)
You have supernaturally acute eyesight. (SInv)
Armour fits poorly on your strangely shaped body.
Your system is resistant to poisons. (rPois)
You cover ground very slowly.
You can spit poison.
You have a snake-like lower body.


Message History

You are no longer poisoned.
The adder barely misses you.
You hit the adder.
You kill the adder!
Aiming: Spit Poison (1% risk of failure)
Press: ? - help, Shift-Dir - straight line, f - orc
Aim: an orc, wielding a +0 club and wearing a +0 leather armour (59% to hit)
The splash of poison hits the orc but does no damage.
The orc hits you with a +0 club.
Unknown command.
Unknown command.
You hit the orc.
The orc is moderately wounded.
The orc hits you with a +0 club.
* * * LOW HITPOINT WARNING * * *
The orc hits you with a +0 club.
* * * LOW HITPOINT WARNING * * *
You have got your breath back.
Aiming: Spit Poison (1% risk of failure)
Press: ? - help, Shift-Dir - straight line, f/p - orc
Aim: an orc, wielding a +0 club and wearing a +0 leather armour (moderately wounded, 59% to hit)
The splash of poison hits the orc but does no damage.
The orc is poisoned.
The orc is moderately wounded.
The orc hits you with a +0 club.
* * * LOW HITPOINT WARNING * * *
Unknown command.
Casting: Magic Dart (safe; 7% risk of failure)
Confirm with . or Enter, or press ? or * to list all spells.
Aiming: Magic Dart (safe; 7% risk of failure)
Press: ? - help, Shift-Dir - straight line, f/p - orc
Aim: an orc, wielding a +0 club and wearing a +0 leather armour (heavily wounded, poisoned, 100% to hit)
The magic dart hits the orc but does no damage.
The orc is heavily wounded.
The orc hits you with a +0 club.
* * * LOW HITPOINT WARNING * * *
Unknown command.
Unknown command.
The orc attacks as you move away! The orc hits you with a +0 club.
You die...

..#..#.#########.#...#..#
#.# ..#..#.#
#.#.<.#..#####.##
..#..#.#
#.#...#.........#
..#..#.#
#.#####.#########
....>#########.......#
.#..#................##
.#..#.#######.##.###.#
#..# # #.##'###.##
#.#########@..##..## #.
#.#.$...##o....##..##
#..#......##.8...8.##..#
..#.....##.#...[.#.##.#
##......#...8...8...#.#
........'...........'.# .
..#....#...8...8...###
....##!)..##.#.....#.##
.....))....##.8...8.##


You could see an orc (poisoned).

Vanquished Creatures
  An orc priest (D:3)
  2 adders
  2 worms (D:2)
  3 dart slugs
  2 orcs (D:3)
  3 ball pythons (D:2)
  5 endoplasms
  2 giant cockroaches (D:3)
  4 goblins
  4 hobgoblins
  4 jackals (D:2)
  2 kobolds
  A quokka (D:3)
  3 bats
  3 frilled lizards
  4 rats
45 creatures vanquished.

Vanquished Creatures (others)
  4 toadstools (D:1)
4 creatures vanquished.

Grand Total: 49 creatures vanquished

Notes
Turn   | Place    | Note
-------+----------+-------------------------------------------
     0 | D:1      | zazu2006 the Naga Hedge Wizard began the quest for the Orb.
     0 | D:1      | Reached XP level 1. HP: 15/15 MP: 4/4
   268 | D:1      | Reached XP level 2. HP: 22/22 MP: 0/6
  1249 | D:2      | Reached XP level 3. HP: 28/28 MP: 2/8
  1362 | D:2      | Learned a level 3 spell: Mephitic Cloud
  1365 | D:2      | Learned a level 2 spell: Blink
  1730 | D:2      | Reached skill level 4 in Spellcasting
  2395 | D:2      | Reached XP level 4. HP: 36/36 MP: 8/10
  2716 | D:3      | Found a faded altar of an unknown god.
  2901 | D:3      | HP: 1/36 [orc/+0 club (2)]
  2902 | D:3      | Slain by an orc

Illustrated notes

Levels and vault maps discovered:
D:1:      ldierk_walled_garden_2, layout_basic, serial_forest,
          infiniplex_forest_side_room, infiniplex_forest_end_1,
          infiniplex_forest_corner_1, infiniplex_forest_clump_tiny,
          infiniplex_forest_3_way, chequers_serial_rivers_large_b,
          hangedman_decor_push
D:2:      layout_basic, serial_rivers, chequers_serial_rivers_room_a,
          chequers_serial_rivers_small_b, chequers_serial_rivers_small_3,
          chequers_serial_rivers_room_a, chequers_serial_rivers_micro_d
D:3:      layout_basic, zin_purify, nicolae_ecumenical_oubliette,
          dk_noncrumbling_3, dk_noncrumbling_4

Skill      XL: |  1  2  3 |
---------------+----------+-----
Spellcasting   | 4 |  4.4
Fighting       | |  0.2
Dodging        | |  1.8
Stealth        | |  3.5
Conjurations   | |  1.8
Summonings     | |  1.0
Translocations | |  1.0
Poison Magic   | |  0.5

Action                     |  1- 3 |  4- 6 || total
---------------------------+-------+-------++-------
  Melee: Dagger            |    10 |     6 ||    16
   Cast: Magic Dart        |    80 |    30 ||   110
Ability: Spit Poison       |    16 |     7 ||    23
 Armour: Robe              |     4 |     2 ||     6
  Dodge: Dodged            |    22 |    17 ||    39

Table legend: (Time is in decaauts)
 A = Elapsed time spent in this place.
 B = Non-inter-level travel time spent in this place.
 C = Inter-level travel time spent in this place.
 D = Time resting spent in this place.
 E = Time spent auto-exploring this place.
 F = Levels seen in this place.
 G = Mean time per level.
                   A        B        C        D        E       F      G
               +--------+--------+--------+--------+--------+-----+--------+
         Total |   3610 |   3524 |     86 |      0 |   3242 |   3 | 1203.3 |
       Dungeon |   3610 |   3524 |     86 |      0 |   3242 |   3 | 1203.3 |
               +--------+--------+--------+--------+--------+-----+--------+

Top non-repeatable levels by time:
     D:2: 1707 daAuts
     D:1: 1398 daAuts
     D:3: 505 daAuts
